 Dungeon Crawl Stone Soup version 0.28-a0-1117-g0bdd5ba030 (webtiles) character file.

Game seed: 2761836290161643403

12529 ReploidZero the Thaumaturge (level 12, -17/71 HPs)
             Began as a Djinni Fire Elementalist on Dec 12, 2021.
             Killed from afar by a gargoyle (24 damage)
             ... with a stone arrow
             ... on level 12 of the Dungeon.
             The game lasted 01:10:23 (14377 turns).

ReploidZero the Thaumaturge (DjFE)                 Turns: 14377, Time: 01:10:23

Health: -17/71     AC: 16    Str:  7    XL:     12   Next: 21%
Gold:   853        EV: 11    Int: 24    God:
                   SH:  0    Dex: 14

rFire   + + +      SeeInvis +   i - +6 dire flail (protect)
rCold   x . .      Faith    .   (shield currently unavailable)
rNeg    . . .      Spirit   .   C - +0 troll leather armour
rPois   ∞          Reflect  .   I - +2 helmet
rElec   .          Harm     .   h - +0 cloak
rCorr   +          Rampage  .   f - +0 pair of gloves
Will    +....                   (boots unavailable)
Stlth   ++........              d - amulet "Bivocex" {rPois Regen+}
HPRegen 1.81/turn               n - ring of protection from fire
MPRegen 0.00/turn               v - ring of resist corrosion

@: under a protective aura, flying
A: sickness immunity, fire resistance 2, cold vulnerability 1, float, innate
caster, hp casting, extra vitality 1, iridescent scales 1, see invisible, clever
1, deformed body
a: no special abilities


You were on level 12 of the Dungeon.
You visited 2 branches of the dungeon, and saw 13 of its levels.

You collected 925 gold pieces.
You spent 72 gold pieces at shops.

Inventory:

Hand Weapons
 i - a +6 dire flail of protection (weapon)
Missiles
 g - 2 throwing nets
Armour
 f - a +0 pair of gloves (worn)
 h - a +0 cloak (worn)
 C - a +0 troll leather armour (worn)
 F - +0 steam dragon scales
 I - a +2 helmet (worn)
Magical Staves
 t - a staff of earth
Jewellery
 b - an amulet of reflection
 d - the amulet "Bivocex" (around neck) {rPois Regen+}
   (You acquired it on level 5 of the Dungeon)

   [amulet of regeneration]

   rPois:     It protects you from poison.
   Regen:     It increases your rate of health regeneration.
 n - a ring of protection from fire (left hand)
 s - an amulet of faith
 v - a ring of resist corrosion (right hand)
 x - a ring of wizardry
 y - a +4 ring of protection
 G - a ring of protection from fire
Wands
 u - a wand of flame (17)
 z - a wand of charming (13)
 B - a wand of polymorph (10)
 J - a wand of iceblast (7)
Scrolls
 a - a scroll of acquirement
 j - a scroll of immolation
 l - 2 scrolls of enchant weapon
 D - a scroll of summoning
 H - a scroll of silence
 K - a scroll of enchant armour
Potions
 c - 5 potions of brilliance
 e - 4 potions of ambrosia
 k - 2 potions of haste
 m - a potion of flight
 o - a potion of cancellation
 p - a potion of might
 q - 4 potions of lignification
 w - 2 potions of curing
 E - a potion of attraction
 L - a potion of resistance {unknown}


   Skills:
 - Level 0.4 Fighting
 + Level 7.7 Maces & Flails
 - Level 2.1 Dodging
 - Level 1.5 Stealth
 + Level 14.8 Spellcasting


You had 13 spell levels left.
You knew the following spells:

 Your Spells              Type           Power      Damage    Failure   Level
a - Foxfire               Conj/Fire      100%       2x1d9     0%          1
b - Scorch                Fire           100%       2d10      0%          2
c - Conjure Flame         Conj/Fire      73%        6-21      1%          3
d - Inner Flame           Hex/Fire       73%        N/A       1%          3
e - Flame Wave            Conj/Fire      73%        2d11      1%          4
f - Slow                  Hex            100%       N/A       0%          1
g - Corpse Rot            Necr/Air       100%       N/A       0%          2
h - Lesser Beckoning      Tloc           73%        N/A       1%          3
i - Dazzling Flash        Conj/Hex       100%       N/A       1%          3
j - Iskenderun's Battles  Conj           73%        2d12      1%          5
Your spell library was empty.

Dungeon Overview and Level Annotations

Branches:
Dungeon (11/15)            Temple (1/1) D:5            Lair (0/6) D:10
    Orc (0/2) D:9

Altars:
Ashenzari
Cheibriados
Dithmenos
Elyvilon
Fedhas
Gozag
Hepliaklqana
Kikubaaqudgha
Makhleb
Nemelex Xobeh
Okawaru
Qazlal
Ru
Sif Muna
Trog
Uskayaw
Vehumet
Wu Jian
Xom
Yredelemnul
Zin
The Shining One

Shops:
D:2 ((*((   D:5 :   D:9 [


Innate Abilities, Weirdness & Mutations

You are immune to sickness and miasma.
You are immune to poison.
Your flesh is very heat resistant. (rF++)
You are vulnerable to cold. (rC-)
You float through the air rather than walking.
You learn spells naturally, not from books.
Your magical power is your life essence.
You have superior vitality. (+4 HP)
You are partially covered in iridescent scales. (AC +2)
You have supernaturally acute eyesight. (SInv)
Your mind is acute. (Int +2)
Armour fits poorly on your strangely shaped body.


Message History

Casting: Foxfire (safe; 0% risk of failure)
Press: ? - help, Q - select action, (/) - cycle Dir - look around, f - activate You conjure some foxfire!
Casting: Foxfire (safe; 0% risk of failure)
Press: ? - help, Q - select action, (/) - cycle Dir - look around, f - activate You conjure some foxfire!
The foxfire hits the gargoyle but does no damage.
The gargoyle is lightly damaged.
Your battlesphere fires!
The barrage of energy hits the gargoyle!
The gargoyle is heavily damaged.
The foxfire hits the gargoyle but does no damage.
The gargoyle is heavily damaged.
Casting: Foxfire (safe; 0% risk of failure)
Press: ? - help, Q - select action, (/) - cycle Dir - look around, f - activate You conjure some foxfire!
The foxfire hits the gargoyle but does no damage.
The gargoyle is heavily damaged.
The foxfire hits the gargoyle but does no damage.
The gargoyle is heavily damaged.
Your battlesphere fires!
The barrage of energy hits the gargoyle but does no damage.
The gargoyle is heavily damaged.
The gargoyle hits you with a +0 mace!
Unknown command.
You hit the gargoyle.
Your weapon exudes an aura of protection.
The gargoyle is severely damaged.
The foxfire hits the gargoyle.
The gargoyle is almost destroyed.
The foxfire hits the gargoyle.
The gargoyle is almost destroyed.
The gargoyle hurls a stone arrow at you.
The stone arrow hits you!!
* * * LOW HITPOINT WARNING * * *
You hit the gargoyle but do no damage.
The gargoyle is almost destroyed.
The gargoyle hurls a stone arrow at you.
The stone arrow hits you!!
You die...

##.## #....##...# #########
#....##...# #.......#
#....##...#
#.......####....##...#
#....*..........##...#
###..§.§.§§.......##...#
#......§§§§.......###.##
###.#.#.§§..@9§.......###.###
........§§.§§§§..9...........
.###.###).§§§§§§####...#######
............§§§.# #...###
.#####.)#######.# #.....#
##.## ####.######...# #..#
#.........#...#
##.###.........#...#
#########).##.........#...#


You could see a gargoyle (ally target) and a friendly battlesphere.

Vanquished Creatures
  Harold (D:8)
  A hydra (D:11)
  Pikel (D:6)
  3 cyclopes (D:12)
  A manticore (D:11)
  Joseph (D:7)
  Maggie (D:6)
  2 trolls
  A wyvern (D:10)
  Eustachio (D:6)
  2 steam dragons (D:8)
  A wraith (D:10)
  10 yaks
  Edmund (D:4)
  An acid dragon (D:9)
  5 water moccasins
  A hornet zombie (D:7)
  2 orc warriors
  A sky beast (D:8)
  An ogre (D:6)
  3 necrophages
  2 wolves (D:10)
  2 centaurs
  A bullfrog (D:9)
  11 scorpions
  4 gnoll sergeants
  13 wights
  4 killer bees (D:9)
  9 howler monkeys
  3 electric eels (D:10)
  3 centaur zombies
  Crazy Yiuf (D:2)
  12 hounds
  3 gnoll shamans
  8 orc priests
  A jelly (D:7)
  7 iguanas
  12 orc wizards
  36 gnolls
  15 adders
  A shadow imp (D:7)
  A white imp (D:5)
  An ufetubus (D:6)
  2 adder skeletons (D:4)
  2 worms
  2 dart slugs
  51 orcs
  6 ball pythons
  6 bats
  9 endoplasms
  3 giant cockroaches
  2 hobgoblins (D:2)
  11 jackals (D:5)
  9 kobolds
  4 quokkas
  2 frilled lizards
  9 goblins
  3 rats
312 creatures vanquished.

Vanquished Creatures (collateral kills)
  2 foxfires
2 creatures vanquished.

Vanquished Creatures (others)
  810 foxfires
  16 fungi (D:7)
  A plant (D:5)
827 creatures vanquished.

Grand Total: 1141 creatures vanquished

Notes
Turn   | Place    | Note
-------+----------+-------------------------------------------
     0 | D:1      | ReploidZero the Djinni Fire Elementalist began the quest
                  | for the Orb.
     0 | D:1      | Reached XP level 1. HP: 15/15 MP: 0/0
   264 | D:1      | Reached XP level 2. HP: 18/21 MP: 0/0
   592 | D:1      | Reached skill level 3 in Spellcasting
   849 | D:1      | Reached XP level 3. HP: 25/25 MP: 0/0
   849 | D:1      | Learned a level 1 spell: Slow
  1090 | D:2      | Found Feshrov's General Store.
  1104 | D:2      | Bought a potion of degeneration for 12 gold pieces
  1106 | D:2      | Bought a potion of heal wounds for 60 gold pieces
  1109 | D:2      | Found a faded altar of an unknown god.
  1165 | D:2      | Found Wadekhle's Weapon Shoppe.
  1363 | D:2      | Found Refott's Weapon Shop.
  1523 | D:2      | Found Muysery's Antique Weapon Boutique.
  1533 | D:2      | Found Vugab's Antique Weapon Emporium.
  2057 | D:2      | Reached XP level 4. HP: 24/31 MP: 0/0
  2132 | D:2      | Found a runed translucent door.
  2133 | D:2      | Noticed Crazy Yiuf
  2157 | D:2      | Killed Crazy Yiuf
  2369 | D:3      | Found a broken altar of Ashenzari.
  2384 | D:3      | Reached skill level 4 in Spellcasting
  2384 | D:3      | Reached XP level 5. HP: 21/35 MP: 0/0
  2384 | D:3      | Learned a level 2 spell: Corpse Rot
  3311 | D:3      | Reached skill level 1 in Maces & Flails
  3791 | D:3      | Reached XP level 6. HP: 24/41 MP: 0/0
  3957 | D:4      | Noticed Edmund
  3989 | D:4      | Killed Edmund
  3990 | D:4      | Reached skill level 5 in Spellcasting
  4293 | D:4      | Reached XP level 7. HP: 30/46 MP: 0/0
  4293 | D:4      | Learned a level 3 spell: Lesser Beckoning
  5031 | D:4      | Found a blossoming altar of Fedhas.
  5468 | D:5      | Entered Level 5 of the Dungeon
  5478 | D:5      | Reached skill level 6 in Spellcasting
  5555 | D:5      | Found Alixigiu's Book Shoppe.
  5575 | D:5      | Identified 2 scrolls of acquirement
  5575 | D:5      | Acquired the amulet "Bivocex" {rPois Regen+}
  5768 | D:5      | Acquired a manual of Spellcasting
  5875 | D:5      | Found a glowing golden altar of the Shining One.
  5890 | D:5      | Reached skill level 7 in Spellcasting
  5890 | D:5      | Reached XP level 8. HP: 39/51 MP: 0/0
  6343 | D:5      | Reached skill level 8 in Spellcasting
  6523 | D:5      | Found a staircase to the Ecumenical Temple.
  6972 | D:5      | Reached skill level 9 in Spellcasting
  7454 | Temple   | Entered the Ecumenical Temple
  7654 | D:5      | Reached XP level 9. HP: 45/56 MP: 0/0
  7654 | D:5      | Learned a level 3 spell: Dazzling Flash
  7715 | D:5      | Reached skill level 10 in Spellcasting
  8038 | D:6      | Noticed Eustachio
  8070 | D:6      | Killed Eustachio
  8112 | D:6      | Noticed Pikel
  8150 | D:6      | Killed Pikel
  8151 | D:6      | Reached skill level 11 in Spellcasting
  8230 | D:6      | Reached skill level 12 in Spellcasting
  8485 | D:6      | Noticed Maggie
  8491 | D:6      | Killed Maggie
  8492 | D:6      | Reached XP level 10. HP: 50/61 MP: 0/0
  9044 | D:7      | Reached skill level 13 in Spellcasting
  9138 | D:7      | Noticed Joseph
  9154 | D:7      | Killed Joseph
  9256 | D:7      | Found a sacrificial altar of Ru.
  9256 | D:7      | Found a glowing silver altar of Zin.
  9565 | D:7      | Found a hazy altar of Hepliaklqana.
  9566 | D:7      | Found a faded altar of an unknown god.
  9838 | D:8      | Noticed Harold
 10151 | D:8      | Reached XP level 11. HP: 63/66 MP: 0/0
 10151 | D:8      | Learned a level 5 spell: Iskenderun's Battlesphere
 10246 | D:8      | Found a white marble altar of Elyvilon.
 10356 | D:8      | Reached skill level 5 in Maces & Flails
 10422 | D:8      | Killed Harold
 10423 | D:8      | Reached skill level 14 in Spellcasting
 10424 | D:8      | Gained mutation: You are partially covered in iridescent
                  | scales. (AC +2) [potion of mutation]
 10424 | D:8      | Gained mutation: You have supernaturally acute eyesight.
                  | (SInv) [potion of mutation]
 10424 | D:8      | Gained mutation: Your spells are a little easier to cast,
                  | but a little less powerful. [potion of mutation]
 10425 | D:8      | Lost mutation: You are partially covered in iridescent
                  | scales. (AC +2) [potion of mutation]
 10425 | D:8      | Lost mutation: Your spells are a little easier to cast, but
                  | a little less powerful. [potion of mutation]
 10425 | D:8      | Gained mutation: Armour fits poorly on your strangely
                  | shaped body. [potion of mutation]
 10425 | D:8      | Gained mutation: You are partially covered in iridescent
                  | scales. (AC +2) [potion of mutation]
 10425 | D:8      | Gained mutation: Your mind is acute. (Int +2) [potion of
                  | mutation]
 10645 | D:9      | Found an opulent altar of Gozag.
 11011 | D:9      | Found an iron altar of Okawaru.
 11166 | D:9      | Found Heygacep's Armour Boutique.
 11252 | D:9      | Found a burning altar of Makhleb.
 11264 | D:9      | Found a staircase to the Orcish Mines.
 11690 | D:10     | Entered Level 10 of the Dungeon
 12064 | D:10     | Found a staircase to the Lair.
 12280 | D:10     | Identified the +5 quarterstaff of Suicidal Tendencies
                  | {protect, rPois rC+ Dex+2}
 12721 | D:10     | Found a sparkling altar of Nemelex Xobeh.
 12741 | D:10     | Found a shimmering altar of Xom.
 14165 | D:11     | Noticed a seven-headed hydra
 14172 | D:11     | Noticed a manticore
 14174 | D:11     | Killed a seven-headed hydra
 14175 | D:11     | Reached XP level 12. HP: 58/71 MP: 0/0
 14196 | D:11     | You are sucked into a shaft and drop 1 floor!
 14377 | D:12     | Killed from afar by a gargoyle

Illustrated notes

Levels and vault maps discovered:
D:1:      dpeg_arrival_pits, layout_loops_ring, moated_statue,
          serial_bayou_pond_d
D:2:      layout_rooms, serial_shops,
          nicolae_shop_temple_entry_statues_fountains, shop,
          nicolae_shop_temple_entry_statues_fountains, shop,
          nicolae_shop_competitors_out_of_business,
          hellmonk_ecumenical_altar_slurped_away, kennysheep_generic_room_14,
          uniq_crazy_yiuf_cottage
D:3:      layout_basic, nicolae_overflow_crystal_walls
D:4:      layout_cave_pods, fedhas_altar_4, minmay_fractal_squares_5,
          uniq_edmund
D:5:      lemuel_castle_with_subvaults [lemuel_castle_interior_carwin_3],
          layout_loops_ring, tso_metal_star,
          minmay_temple_entry_statues_pillars, serial_shops, shop_coins
D:6:      layout_loops_ring, vehumet_altar_wand_db, minmay_misc_feat_five,
          kennysheep_generic_room_5, uniq_pikel, uniq_maggie, uniq_eustachio
D:7:      old_forge, layout_rooms, beargit_hepliaklqana_dungeon_heroes,
          jmf_multi_god_temple, minmay_tree_intersection, uniq_joseph,
          uniq_duvessa
D:8:      layout_rooms, mainiacjoe_overflow_surrounded_room,
          kennysheep_generic_room_11, uniq_harold
D:9:      layout_basic, nicolae_gozag_seed_capital, okawaru_trees_2,
          mainiacjoe_overflow_alcove_2, orc_0_dummy, serial_shops,
          kennysheep_little_box
D:10:     layout_grid_maze, nicolae_overflow_hidden_temple, erik_lair_island
D:11:     layout_rooms
D:12:     layout_basic, chequers_serial_rivers_small_3
Temple:   nicolae_temple_figure_zero

Skill      XL: |  1  2  3  4  5  6  7  8  9 10 11 |
---------------+----------------------------------+-----
Spellcasting   | 3 4 5 7 9 12 13 14 | 14.8
Maces & Flails | 1 4 7 |  7.7
Fighting       | |  0.4
Dodging        | |  2.1
Stealth        | |  1.5

Action                   |  1- 3 |  4- 6 |  7- 9 | 10-12 || total
-------------------------+-------+-------+-------+-------++-------
Melee: Mace              |    32 |    47 |       |       ||    79
       Dire flail        |       |     2 |   151 |   163 ||   316
 Cast: Foxfire           |    49 |    32 |   174 |   237 ||   492
       Scorch            |       |    21 |    41 |    35 ||    97
       Slow              |       |     3 |       |     3 ||     6
       Conjure Flame     |       |     1 |       |       ||     1
       Flame Wave        |       |       |     1 |    13 ||    14
       Corpse Rot        |       |       |     1 |       ||     1
       Dazzling Flash    |       |       |     4 |     2 ||     6
       Inner Flame       |       |       |       |     8 ||     8
       Iskenderun's Batt |       |       |       |    16 ||    16
  Use: Scroll            |     4 |     2 |    10 |    13 ||    29
       Potion            |       |     1 |       |     4 ||     5
 Stab: Sleeping          |     6 |     2 |       |       ||     8
       Distracted        |       |       |     1 |       ||     1
Armor: Robe              |    14 |    20 |    96 |    23 ||   153
       Troll leather arm |       |       |       |   143 ||   143
Dodge: Dodged            |    14 |    53 |   155 |   194 ||   416

Table legend: (Time is in decaauts)
 A = Elapsed time spent in this place.
 B = Non-inter-level travel time spent in this place.
 C = Inter-level travel time spent in this place.
 D = Time resting spent in this place.
 E = Time spent auto-exploring this place.
 F = Levels seen in this place.
 G = Mean time per level.
                   A        B        C        D        E       F      G
               +--------+--------+--------+--------+--------+-----+--------+
         Total |  14477 |  12947 |   1530 |      0 |  10001 |  13 | 1113.6 |
       Dungeon |  14330 |  12801 |   1529 |      0 |   9888 |  12 | 1194.2 |
        Temple |    147 |    146 |      1 |      0 |    113 |   1 |  147.0 |
               +--------+--------+--------+--------+--------+-----+--------+

Top non-repeatable levels by time:
     D:5: 2303 daAuts
     D:4: 2015 daAuts
     D:9: 1770 daAuts
     D:2: 1626 daAuts
    D:10: 1406 daAuts
     D:3: 1213 daAuts
     D:1: 1095 daAuts
     D:7: 1041 daAuts
     D:6: 971 daAuts
     D:8: 676 daAuts
    D:12: 180 daAuts
  Temple: 147 daAuts
    D:11: 29 daAuts
